[Event "ICN Year End Invitational 2024"]
[Site "New York"]
[Date "2024.06.17"]
[Round "1.1"]
[White "Zhu, Linxi"]
[Black "Goodrich, Elliott"]
[Result "0-1"]
[ECO "C65"]
[WhiteElo "2133"]
[BlackElo "1952"]
[Annotator "RC"]
[PlyCount "60"]
[EventDate "2024.06.16"]
[EventType "swiss"]
[EventCountry "USA"]
[SourceTitle "playchess.com"]
[Source "ChessBase"]
[SourceQuality "1"]
[TimeMode "Bronstein"]
[TimeControl "2700+5"]

1. e4 e5 2. Nf3 Nc6 3. Bb5 Nf6 4. d3 Bc5 5. O-O Nd4 6. Nxd4 Bxd4 7. c3 Bb6 8. Bg5 c6 9. Ba4 h6 10. Bh4 d6 11. Nd2 Be6 12. Nf3 Qc7 13. Re1 O-O-O 14. d4 Bg4 15. h3 Bxf3 16. Qxf3 exd4 17. Bxf6 gxf6 18. Qxf6 dxc3 19. bxc3 Rhg8 20. Bb3 d5 21. exd5 Qg3 22. Qf5+ Rd7 23. Kf1 Qxg2+ 24. Ke2 Bxf2 25. Rf1 Bd4+ 26. Kd3 Rg3+ 27. Kc4 Qe2+ 28. Kxd4 Qd2+ 29. Ke5 Qxc3+ 30. Ke4 Qe3# 0-1

[Event "ICN Year End Invitational 2024"]
[Site "New York"]
[Date "2024.06.17"]
[Round "1.2"]
[White "Stern, Kevin B"]
[Black "Chakravarty, Aritro"]
[Result "0-1"]
[ECO "A84"]
[WhiteElo "1934"]
[BlackElo "2015"]
[Annotator "RC"]
[PlyCount "84"]
[EventDate "2024.06.16"]
[EventType "swiss"]
[EventCountry "USA"]
[SourceTitle "playchess.com"]
[Source "ChessBase"]
[SourceQuality "1"]
[TimeMode "Bronstein"]
[TimeControl "2700+5"]

1. c4 f5 2. Nf3 Nf6 3. d4 g6 4. b4 Bg7 5. Bb2 O-O 6. e3 d6 7. Nbd2 e6 8. Be2 Qe7 9. O-O Nc6 10. Qb3 a6 11. a4 Nd8 12. b5 Nf7 13. Ba3 e5 14. dxe5 Nxe5 15. Nxe5 Qxe5 16. Nf3 Qe7 17. Nd4 Kh8 18. bxa6 bxa6 19. Bf3 Ne4 20. Bb2 Bd7 21. Qc2 Rab8 22. Rab1 c5 23. Ne2 Bxb2 24. Rxb2 Bxa4 25. Qc1 Qe5 26. Rxb8 Rxb8 27. Bxe4 fxe4 28. Nc3 Bb3 29. Nd5 a5 30. Nc7 a4 31. Nb5 d5 32. Na3 d4 33. exd4 cxd4 34. Re1 d3 35. Nb1 Bc2 36. Nd2 Qb2 37. c5 a3 38. c6 Rc8 39. Nxe4 Qxc1 40. Rxc1 Rxc6 41. Ra1 Re6 42. Nc3 d2 0-1

[Event "ICN Year End Invitational 2024"]
[Site "New York"]
[Date "2024.06.17"]
[Round "2.1"]
[White "Chakravarty, Aritro"]
[Black "Das, Aditeya"]
[Result "1/2-1/2"]
[ECO "A11"]
[WhiteElo "2015"]
[BlackElo "1983"]
[Annotator "NA"]
[PlyCount "114"]
[EventDate "2024.06.16"]
[EventType "swiss"]
[EventCountry "USA"]
[SourceTitle "playchess.com"]
[Source "ChessBase"]
[SourceQuality "1"]
[TimeMode "Bronstein"]
[TimeControl "2700+5"]

1. d4 d5 2. c4 c6 3. Nf3 Nf6 4. g3 g6 5. Bg2 Bg7 6. O-O O-O 7. b3 h6 8. Bb2 Bf5 9. Nc3 g5 10. Nd2 e6 11. e4 dxe4 12. Ndxe4 Nxe4 13. Nxe4 Bxe4 14. Bxe4 Nd7 15. Qe2 Qc7 16. Rad1 f5 17. Bg2 Rae8 18. f4 g4 19. Qf2 Nf6 20. Rfe1 Kh7 21. Qc2 Rf7 22. Rxe6 Rxe6 23. Qxf5+ Kh8 24. Qxe6 Re7 25. Qf5 Re2 26. Bc3 Qe7 27. Qd3 Re3 28. Qd2 Re2 29. Re1 Rxd2 30. Rxe7 Rc2 31. Be1 Ng8 32. Rd7 Rxa2 33. Bf2 Ra1+ 34. Bf1 Nf6 35. Rd8+ Kh7 36. Kg2 Kg6 37. Rb8 b6 38. Rb7 Kh7 39. Bd3+ Kg8 40. Bg6 Ra2 41. Rc7 Ne8 42. Rd7 Nf6 43. Rd6 c5 44. dxc5 bxc5 45. Rd1 Bf8 46. Bf5 h5 47. Re1 Kf7 48. Be6+ Kg7 49. h3 gxh3+ 50. Bxh3 Ng4 51. Bxg4 hxg4 52. Re5 Rb2 53. Rd5 Rxb3 54. Rd7+ Kf6 55. Rxa7 Rb4 56. Ra6+ Kf7 57. Ra7+ Kf6 1/2-1/2

[Event "ICN Year End Invitational 2024"]
[Site "New York"]
[Date "2024.06.17"]
[Round "2.2"]
[White "Goodrich, Elliott"]
[Black "Mullodzhanov, Nathaniel"]
[Result "0-1"]
[ECO "B11"]
[WhiteElo "1952"]
[BlackElo "1927"]
[Annotator "TA"]
[PlyCount "104"]
[EventDate "2024.06.16"]
[EventType "swiss"]
[EventCountry "USA"]
[SourceTitle "playchess.com"]
[Source "ChessBase"]
[SourceQuality "1"]
[TimeMode "Bronstein"]
[TimeControl "2700+5"]

1. e4 c6 2. Nc3 d5 3. Nf3 Bg4 4. h3 Bxf3 5. Qxf3 e6 6. Be2 Bc5 7. O-O Nf6 8. Rd1 Bd4 {[%emt 0:01:56] White has an edge.} 9. d3 Bxc3 (9... Nbd7 $11) 10. bxc3 $16 dxe4 11. dxe4 Qc7 12. Ba3 {[%emt 0:02:44] Strongly threatening Bd6.} Nbd7 (12... c5 $16 {might work better.}) 13. Rab1 (13. Bd6 $18 {is more deadly.} Qa5 14. Qe3) 13... O-O-O 14. Qe3 c5 15. Bf3 Qe5 ({Black should try} 15... Ne5 $14) 16. c4 Nb6 17. Rxd8+ (17. Bb2 {simplifies} Rxd1+ 18. Bxd1 Qc7 19. Be2) 17... Rxd8 18. Bxc5 (18. Qxc5+ $6 Qxc5 19. Bxc5 Rd2 $11) 18... Nxc4 19. Qb3 Na5 20. Qb5 Nd7 21. Bxa7 {[%emt 0:02:26] Threatens to win with Qxe5.} Qxb5 22. Rxb5 Nc6 23. Be3 Kc7 24. Be2 Ra8 25. Rb2 $1 Ra4 26. f3 Nd4 27. Bxd4 Rxd4 {[%emt 0:00:11][%mdl 4096] Endgame. KRB-KRN} 28. Kf2 e5 29. c3 Rd6 30. Bc4 f6 31. Bd5 Rb6 32. Rxb6 Kxb6 {[%emt 0:00:08] KB-KN} 33. Ke3 ({Better is} 33. h4) 33... Nc5 34. Bb3 h6 35. g3 Kb5 36. f4 Nd7 $2 (36... b6 $16) 37. Kf3 $18 Nc5 38. fxe5 fxe5 39. Bd5 $1 {[%emt 0:00:11] Hoping for Kg4.} b6 {[%emt 0:00:20] [#]} (39... Nd7 {is a better defense.} 40. Kg4 (40. Bxb7 Nf6 $18) 40... g6 41. Bxb7 Kc4) 40. Kg4 $1 Nd3 $2 (40... g6 41. Kh4 Na4) 41. Kf5 g5 42. h4 gxh4 43. gxh4 {[%emt 0:00:05] aiming for c4+.} Kc5 44. Kf6 Kd6 45. Kg6 $2 (45. Kg7 $18) 45... Nf4+ $11 46. Kxh6 {[%emt 0:00:05] Black must now prevent Kg5.} Nxd5 47. exd5 {[%emt 0:00:05][%mdl 8192] [#] KP-KP} (47. Kg6 $11) 47... e4 $1 {[%emt 0:00:05] Black mates.} 48. Kg5 e3 $1 (48... Kxd5 $2 {is the wrong capture.} 49. Kf4 $18) 49. h5 e2 $1 ({Inferior is} 49... Kxd5 50. h6 $11) 50. h6 e1=Q ({Stronger than} 50... e1=R 51. c4 $11) 51. Kg6 Qxc3 52. h7 Qh8 {[%emt 0:00:05] Weighted Error Value: White=0.36/Black=0.19 (very precise) .  Loses game:     	White=1     	---        Mistake:       	White=2     	Black=6      Inaccurate:     	White=2     	Black=1      OK:         	White=13    	Black=15     Best:        	White=1     	Black=4      Strong:       	White=3     	Black=1} 0-1

[Event "ICN Year End Invitational 2024"]
[Site "New York"]
[Date "2024.06.17"]
[Round "3.1"]
[White "Mullodzhanov, Nathaniel"]
[Black "Chakravarty, Aritro"]
[Result "1/2-1/2"]
[ECO "B22"]
[WhiteElo "1927"]
[BlackElo "2015"]
[Annotator "RC"]
[PlyCount "133"]
[EventDate "2024.06.16"]
[EventType "swiss"]
[EventCountry "USA"]
[SourceTitle "playchess.com"]
[Source "ChessBase"]
[SourceQuality "1"]
[TimeMode "Bronstein"]
[TimeControl "2700+5"]

1. e4 c5 2. c3 g6 3. d4 cxd4 4. cxd4 d5 5. e5 Nc6 6. Nc3 Bg7 7. Bb5 Nh6 8. Nf3 Bg4 9. h3 Bxf3 10. Qxf3 Nf5 11. Be3 O-O 12. Qxd5 Ncxd4 13. Bxd4 Nxd4 14. Bd3 Qxd5 15. Nxd5 Rfd8 16. Be4 Bxe5 17. O-O Rd7 18. Rfe1 Rad8 19. Nc3 Bf6 20. g3 Ne6 21. Rac1 Nc5 22. Re2 Rd2 23. Bf3 b6 24. b4 Ne6 25. Ne4 Rxe2 26. Nxf6+ exf6 27. Bxe2 Rd2 28. Rc8+ Kg7 29. Bc4 Rd7 30. h4 f5 31. Kf1 Nd4 32. a4 f4 33. gxf4 Nf3 34. h5 Rd4 35. Ke2 Rxf4 36. hxg6 hxg6 37. Rc7 Ne5 38. Bb5 a5 39. bxa5 bxa5 40. Rc5 Ng4 41. f3 Nh6 42. Rd5 Rb4 43. Kd3 Rb3+ 44. Ke2 Nf5 45. Rd7 Rb4 46. Kd3 Rb3+ 47. Ke2 Re3+ 48. Kf2 Rc3 49. Bd3 Ra3 50. Bxf5 gxf5 51. Rd4 Kf6 52. f4 Kg6 53. Rd6+ f6 54. Rd4 Kh5 55. Rc4 Kg4 56. Ke2 Kg3 57. Rd4 Kg2 58. Rc4 Kg3 59. Rd4 Ra2+ 60. Ke3 Rf2 61. Rd5 Rxf4 62. Rxa5 Re4+ 63. Kd3 Re5 64. Ra6 f4 65. Rxf6 Ra5 66. Ke2 Rxa4 67. Rg6+ 1/2-1/2

[Event "ICN Year End Invitational 2024"]
[Site "New York"]
[Date "2024.06.17"]
[Round "3.2"]
[White "Das, Aditeya"]
[Black "Zhu, Linxi"]
[Result "0-1"]
[ECO "B51"]
[WhiteElo "1983"]
[BlackElo "2133"]
[Annotator "RC"]
[PlyCount "164"]
[EventDate "2024.06.16"]
[EventType "swiss"]
[EventCountry "USA"]
[SourceTitle "playchess.com"]
[Source "ChessBase"]
[SourceQuality "1"]
[TimeMode "Bronstein"]
[TimeControl "2700+5"]

1. e4 c5 2. Nf3 d6 3. Bb5+ Nd7 4. c3 Ngf6 5. Qe2 a6 6. Ba4 b5 7. Bc2 e6 8. O-O Be7 9. d4 Bb7 10. a4 O-O 11. Rd1 cxd4 12. cxd4 b4 13. b3 Rc8 14. Bb2 d5 15. e5 Ne4 16. Ne1 Qb6 17. Bxe4 dxe4 18. Nd2 Bd5 19. Nc4 Qb7 20. Nc2 Rc7 21. N2e3 Rfc8 22. Rac1 Nb6 23. a5 Nd7 24. Rc2 Qb5 25. Rdc1 Bg5 26. Kf1 Bxe3 27. fxe3 Bxc4 28. bxc4 Qxa5 29. Ra1 Qb6 30. c5 Qb7 31. Qxa6 Qd5 32. Ke2 Nb8 33. Qc4 Nc6 34. Qxd5 exd5 35. Bc1 f6 36. exf6 gxf6 37. Kd1 Kf7 38. Rf2 Ke6 39. Kc2 f5 40. Kb3 Rb7 41. Bd2 Rb5 42. Ra6 Ra5 43. Rxa5 Nxa5+ 44. Kxb4 Nc4 45. Bc1 Rb8+ 46. Kc3 Rb1 47. Kc2 Ra1 48. Re2 Kd7 49. Bb2 Rg1 50. Bc1 Rf1 51. g3 Kc6 52. Bd2 h5 53. Be1 Kb5 54. Kd1 Kc6 55. Ra2 Nxe3+ 56. Ke2 Rf3 57. Ra6+ Kb7 58. Rb6+ Kc7 59. Rh6 Nc2 60. Ba5+ Kc8 61. c6 Nxd4+ 62. Ke1 Re3+ 63. Kf1 Rf3+ 64. Kg2 Nxc6 65. Rxc6+ Kd7 66. Rc2 Ra3 67. Bb6 Rb3 68. Bd4 Rb4 69. Rd2 Ke6 70. Kf2 Rb3 71. Ke2 h4 72. Be3 h3 73. Ra2 Rb1 74. Ra6+ Kd7 75. Rf6 Rh1 76. Rxf5 Rxh2+ 77. Bf2 Ke6 78. Rh5 d4 79. Rh6+ Kd5 80. Kf1 e3 81. Be1 d3 82. Rh8 Rh1# 0-1

[Event "ICN Year End Invitational 2024"]
[Site "New York"]
[Date "2024.06.17"]
[Round "4.1"]
[White "Zhu, Linxi"]
[Black "Mullodzhanov, Nathaniel"]
[Result "1/2-1/2"]
[ECO "B11"]
[WhiteElo "2133"]
[BlackElo "1927"]
[Annotator "RC"]
[PlyCount "98"]
[EventDate "2024.06.16"]
[EventType "swiss"]
[EventCountry "USA"]
[SourceTitle "playchess.com"]
[Source "ChessBase"]
[SourceQuality "1"]
[TimeMode "Bronstein"]
[TimeControl "2700+5"]

1. e4 c6 2. Nf3 d5 3. Nc3 Bg4 4. h3 Bxf3 5. Qxf3 e6 6. Be2 Bc5 7. Qg3 Qf6 8. d3 Nd7 9. O-O Ne7 10. Na4 Bd4 11. c3 Be5 12. f4 Bc7 13. Be3 Qg6 14. Qf3 O-O 15. Nc5 Nxc5 16. Bxc5 Bb6 17. Bxb6 axb6 18. e5 d4 19. Kh2 Rfd8 20. g4 f5 21. c4 Qf7 22. g5 g6 23. Bd1 Nc8 24. b4 Qe7 25. a3 Na7 26. Bb3 b5 27. c5 Qd7 28. h4 Nc8 29. h5 Kg7 30. Kg2 Ne7 31. Rh1 Rh8 32. hxg6 hxg6 33. Rxh8 Rxh8 34. Rh1 Rxh1 35. Kxh1 Nd5 36. Bxd5 Qxd5 37. Qxd5 exd5 38. Kg2 Kf7 39. Kf3 Ke6 40. Ke2 Ke7 41. Kd2 Ke6 42. Kc2 Ke7 43. Kb3 Ke6 44. a4 Ke7 45. axb5 cxb5 46. Kc2 Ke6 47. Kd2 Ke7 48. Ke2 Ke6 49. Kf3 Ke7 1/2-1/2

[Event "ICN Year End Invitational 2024"]
[Site "New York"]
[Date "2024.06.17"]
[Round "4.2"]
[White "Chakravarty, Aritro"]
[Black "Goodrich, Elliott"]
[Result "1-0"]
[ECO "D00"]
[WhiteElo "2015"]
[BlackElo "1952"]
[Annotator "RC"]
[PlyCount "61"]
[EventDate "2024.06.16"]
[EventType "swiss"]
[EventCountry "USA"]
[SourceTitle "playchess.com"]
[Source "ChessBase"]
[SourceQuality "1"]
[TimeMode "Bronstein"]
[TimeControl "2700+5"]

1. d4 Nf6 2. Bg5 d5 3. Bxf6 gxf6 4. e3 Bf5 5. c4 c6 6. Nc3 e6 7. Rc1 a6 8. Nf3 Nd7 9. a3 Bd6 10. Be2 Rg8 11. Nh4 Bg6 12. g3 Qe7 13. cxd5 exd5 14. O-O f5 15. Bd3 Qg5 16. f4 Qe7 17. Nxf5 Bxf5 18. Bxf5 Nf6 19. Qd3 h5 20. e4 dxe4 21. Nxe4 h4 22. Rfe1 Kf8 23. Ng5 Qc7 24. Qb3 Nd5 25. Qf3 Rg7 26. Qh5 Kg8 27. Bh7+ Kf8 28. Be4 Nxf4 29. Qh8+ Rg8 30. Nh7+ Ke7 31. Bxc6+ 1-0